 Dungeon Crawl Stone Soup version 0.21-a0-521-g1cd18d1 (webtiles) character file.

1807 KristoblXynda the Covert (level 8, 0/36 HPs)
             Began as a Spriggan Enchanter on Dec 5, 2017.
             Was an Initiate of Ashenzari.
             Slain by a gnoll
             ... wielding a +0 spear
              (11 damage)
             ... on level 6 of the Dungeon.
             The game lasted 00:16:11 (6681 turns).

KristoblXynda the Covert (Spriggan Enchanter)       Turns: 6681, Time: 00:16:12

Health: 0/36       AC:  2    Str:  6    XL:     8   Next: 84%
Magic:  6/21       EV: 20    Int: 17    God:    Ashenzari [......]
Gold:   248        SH:  0    Dex: 16    Spells: 17/23 levels left

rFire    + . .     SeeInvis +   a - +1 dagger
rCold    . . .     Gourm    .   (shield restricted)
rNeg     . . .     Faith    .   b - +0 robe
rPois    .         Spirit   .   (helmet restricted)
rElec    .         Reflect  .   (no cloak)
rCorr    .         Harm     .   (gloves unavailable)
MR       +....                  (boots unavailable)
Stlth    ++++......             (no amulet)
HPRegen  0.12/turn              o - ring of protection from fire (curse)
MPRegen  0.17/turn              f - +2 ring of evasion

@: very quick
A: very small, unfitting armour, see invisible, herbivore 3, speed 3, slow
metabolism 2
a: Curse Item, Renounce Religion


You were on level 6 of the Dungeon.
You worshipped Ashenzari.
Ashenzari was noncommittal.
You were not hungry.

You visited 2 branches of the dungeon, and saw 7 of its levels.

You collected 248 gold pieces.

Inventory:

Hand Weapons
 a - a +1 dagger (weapon)
Missiles
 p - a throwing net (quivered)
Armour
 b - a +0 robe (worn)
Jewellery
 f - a +2 ring of evasion (right hand)
 g - an uncursed ring of magical power
 o - a cursed ring of protection from fire (left hand)
Wands
 w - a wand of random effects (26)
Scrolls
 e - a scroll of noise {unknown}
 h - 2 scrolls of remove curse
 i - a scroll of enchant armour {unknown}
 j - 4 scrolls of identify
 k - 2 scrolls of teleportation {unknown}
 n - 2 scrolls of amnesia {unknown}
 q - a scroll of fog {unknown}
 r - 2 scrolls of magic mapping {unknown}
 v - 4 scrolls of random uselessness {unknown}
Potions
 l - a potion of invisibility
 m - 2 potions of curing
 s - a potion of degeneration {unknown}
 t - a potion of ambrosia {unknown}
 u - a potion of haste {unknown}
 z - a potion of resistance {unknown}
Books
 c - a book of Maledictions

   Spells                             Type                      Level
   a - Corona                         Hexes                        1
   b - Ensorcelled Hibernation        Hexes/Ice                    2
   c - Confuse                        Hexes                        3
   d - Tukima's Dance                 Hexes                        3
   e - Dazzling Spray                 Conjuration/Hexes            3
 x - a book of Clouds

   Spells                             Type                      Level
   a - Poisonous Vapours              Poison/Air                   2
   b - Mephitic Cloud                 Conjuration/Poison/Air       3
   c - Conjure Flame                  Conjuration/Fire             3
   d - Freezing Cloud                 Conjuration/Ice/Air          6
   e - Ring of Flames                 Charms/Fire                  7
Comestibles
 d - 4 bread rations


   Skills:
 + Level 4.7 Short Blades
 - Level 3.0 Dodging
 - Level 9.0 Stealth
 + Level 8.4 Spellcasting
 + Level 8.7 Hexes


You had 17 spell levels left.
You knew the following spells:

 Your Spells              Type           Power        Failure   Level  Hunger
a - Corona                Hex            #####..      1%          1    None
b - Ensorcelled Hibernat  Hex/Ice        ###...       2%          2    None
c - Confuse               Hex            #####...     1%          3    #......


Dungeon Overview and Level Annotations

Branches:
Dungeon (6/15)             Temple (1/1) D:5

Altars:
Ashenzari
Cheibriados
Dithmenos
Elyvilon
Gozag
Hepliaklqana
Makhleb
Nemelex Xobeh
Okawaru
Qazlal
Ru
Trog
Vehumet
Yredelemnul
The Shining One


Innate Abilities, Weirdness & Mutations

You are very small and have problems with some larger weapons.
You are too small for most types of armour.
You have supernaturally acute eyesight. (SInv)
You are a herbivore.
You cover ground extremely quickly.
You need consume almost no food.


Message History

Press: ? - help, Shift-Dir - straight line, p - gnoll The ogre appears confused.
The ogre hits the worker ant zombie with a giant club!!
The worker ant zombie is destroyed!
You hit the ogre.
The ogre is moderately wounded.
You hit the ogre.
The ogre is moderately wounded.
The ogre hits you with a giant club!
You hit the ogre.
The ogre is heavily wounded.
You strike the helpless ogre from behind!
You impale the ogre!!
You kill the ogre!
You hit the gnoll but do no damage.
The gnoll is moderately wounded.
You hit the gnoll but do no damage.
The gnoll is moderately wounded.
The gnoll seems less confused.
The gnoll hits you with a spear!
You die...

........O..## #. ##.##
............
#.#########.##
........... #.......##.##
.......... ###.........#
......... ##........##
........#### #.........#
#.....)#### #........##
#...###....######.......#
#..## ####g@(.##........#
#... ####....######## ..#
#...#..## . #..###รท.##
#..## ##..# #..#
####.######## #...
#............ #..#
#............ ..#
#............


You could see a gnoll.

Vanquished Creatures
  The ghost of Gerstahl the Chiller, a novice NaIE (D:6)
  Sigmund (D:3)
  A water moccasin (D:6)
  A black bear (D:4)
  A sky beast (D:5)
  2 ogres (D:6)
  2 centaurs
  A bullfrog (D:6)
  A crimson imp (D:6)
  2 jellies (D:6)
  A hound (D:6)
  2 orc wizards (D:2)
  A bullfrog skeleton (D:6)
  An iguana (D:4)
  3 worker ants
  A worker ant zombie (D:6)
  10 adders
  9 gnolls
  2 oozes (D:4)
  An adder skeleton (D:5)
  2 worms
  A dart slug (D:2)
  3 leopard geckos
  5 orcs
  5 giant cockroaches
  10 goblins
  3 hobgoblins
  3 jackals (D:5)
  12 kobolds
  A quokka (D:2)
  2 ball pythons (D:3)
  A ball python skeleton (D:4)
  5 bats
  A frilled lizard (D:4)
  A giant cockroach zombie (D:6)
  2 quokka skeletons
  7 rats
108 creatures vanquished.

Vanquished Creatures (others)
  An orc (D:6)
1 creature vanquished.

Grand Total: 109 creatures vanquished

Notes
Turn   | Place    | Note
-------+----------+-------------------------------------------
     0 | D:1      | KristoblXynda the Spriggan Enchanter began the quest for the Orb.
     0 | D:1      | Reached XP level 1. HP: 9/9 MP: 5/5
   152 | D:1      | Reached XP level 2. HP: 11/13 MP: 7/7
   173 | D:1      | Learned a level 2 spell: Ensorcelled Hibernation
   262 | D:1      | Reached skill level 5 in Stealth
   933 | D:2      | Reached XP level 3. HP: 16/16 MP: 8/8
   955 | D:2      | Reached XP level 4. HP: 9/21 MP: 7/11
  1369 | D:2      | Reached skill level 6 in Stealth
  1389 | D:2      | Found a bloodstained altar of Trog.
  1553 | D:2      | Learned a level 3 spell: Confuse
  2222 | D:3      | Noticed Sigmund
  2225 | D:3      | Noticed a centaur
  2319 | D:3      | Reached XP level 5. HP: 7/24 MP: 9/12
  2654 | D:3      | Reached skill level 5 in Hexes
  2666 | D:3      | Killed a centaur
  2690 | D:3      | Killed Sigmund
  2690 | D:3      | Reached skill level 7 in Stealth
  2690 | D:3      | Reached skill level 5 in Spellcasting
  2690 | D:3      | Reached XP level 6. HP: 12/28 MP: 4/15
  3505 | D:4      | Reached skill level 8 in Stealth
  3505 | D:4      | Reached XP level 7. HP: 32/32 MP: 11/16
  4154 | D:5      | Entered Level 5 of the Dungeon
  4777 | D:5      | Found a staircase to the Ecumenical Temple.
  4829 | Temple   | Entered the Ecumenical Temple
  5768 | D:6      | Reached skill level 9 in Stealth
  6100 | D:6      | Noticed Gerstahl's ghost (novice NaIE)
  6176 | D:6      | Killed Gerstahl's ghost
  6176 | D:6      | Reached XP level 8. HP: 36/36 MP: 13/20
  6204 | D:6      | Found a shattered altar of Ashenzari.
  6231 | D:6      | Became a worshipper of Ashenzari the Shackled
  6584 | D:6      | Found a glowing golden altar of the Shining One.
  6681 | D:6      | Slain by a gnoll

Vault maps used:
D:1:      tarquinn_simple_flora_water_e
D:2:      lightli_temple_of_fire
D:3:      minmay_three_crescents, uniq_sigmund
D:4:      first_bread, minmay_crystal_water
D:5:      minmay_temple_entry_water_ring, dk_noncrumbling_3
D:6:      lemuel_crystal_altar, nicolae_ashenzari_panopticon, marbit_many_paths
Temple:   minmay_temple_forest_path

Skill      XL: |  1  2  3  4  5  6  7  8 |
---------------+-------------------------+-----
Spellcasting   | 3 4 5 7 8 |  8.4
Hexes          | 4 5 6 7 8 |  8.7
Stealth        | 5 6 7 8 9 |  9.0
Short Blades   | 3 4 |  4.7
Dodging        | |  3.0

Action                   |  1- 3 |  4- 6 |  7- 9 || total
-------------------------+-------+-------+-------++-------
Melee: Dagger            |    56 |   131 |   228 ||   415
 Cast: Ensorcelled Hiber |    14 |    28 |    22 ||    64
       Confuse           |       |    14 |    35 ||    49
Invok: Curse Item        |       |       |     1 ||     1
  Use: Potion            |     2 |       |     1 ||     3
       Scroll            |       |     3 |       ||     3
 Stab: Sleeping          |    16 |    31 |    16 ||    63
       Confused          |       |     6 |    20 ||    26
       Distracted        |       |       |     1 ||     1
  Eat: Royal jelly       |       |     1 |       ||     1
       Bread ration      |       |       |     1 ||     1
Armor: Robe              |     4 |     4 |     9 ||    17
Dodge: Dodged            |    46 |    80 |   121 ||   247

Table legend:
 A = Spawn XP
 B = Non-spawn XP
 C = Spawn XP percentage of total XP
 D = Spawn monster count
 E = Non-spawn monster count
 F = Spawn count percentage of total count
 G = Total turns spent on level
                    A         B        C        D         E        F      G
               +---------+---------+-------+---------+---------+-------+---------
         Total |       0 |    2582 |   0.0 |       0 |     109 |   0.0 |  6681
               +---------+---------+-------+---------+---------+-------+---------
           D:1 |       0 |      35 |   0.0 |       0 |      22 |   0.0 |  1052
           D:2 |       0 |     123 |   0.0 |       0 |      17 |   0.0 |   871
           D:3 |       0 |     483 |   0.0 |       0 |      25 |   0.0 |  1500
           D:4 |       0 |     288 |   0.0 |       0 |      14 |   0.0 |   731
           D:5 |       0 |     190 |   0.0 |       0 |       9 |   0.0 |  1087
           D:6 |       0 |    1463 |   0.0 |       0 |      22 |   0.0 |  1035
               +---------+---------+-------+---------+---------+-------+---------
